AoeStats
← 冥想控

Hideout

510156384Analyzed
1v1 RM · 2d ago on Sep 29, 2026· 32m 58s· 2 players
Game mode
Random Map
Map size
Tiny (2 player)
Population
200
Speed
Normal
Resources
Standard
Victory
Conquest
Starting age
Dark Age
Ending age
Imperial Age
RankedLock teamsTeams togetherTeam positionsShared explorationLock speedFull tech treeHidden civsTurbo modeCheats
Victory
Defeat
🇨🇳 Danes · China
2011
+15
🇩🇪 Saxons · Germany
1992
-15
MatzeAoE
8:32 Feudal Age
8:35 Man-at-Arms
9:13 Double-Bit Axe
9:22 Horse Collar
14:53 Town Watch
18:20 Castle Age
19:13 Bow Saw
19:52 Wheelbarrow
21:19 Heavy Plow
25:57 Hand Cart
31:18 Imperial Age
28:56 Scale Mail Armor
29:06 Forging
30:46 Chain Mail Armor
31:06 Iron Casting
30:51 Redemption
30:07 Clerical Recruitment
30:32 Pikeman
30:54 Long Swordsman
31:39 Squires
31:25 Gambesons
32:29 Conscription
32:05 Gold Mining
冥想控
10:54 Feudal Age
11:17 Loom
14:47 Castle Age
12:54 Double-Bit Axe
13:24 Horse Collar
16:02 Bow Saw
21:31 Wheelbarrow
23:11 Hand Cart
24:58 Gold Mining
25:10 Heavy Plow
27:14 Gold Shaft Mining
29:52 Imperial Age
27:57 Scale Mail Armor
28:28 Forging
28:19 Stone Mining
28:33 Squires
28:19 Gambesons
27:55 Man-at-Arms
29:12 Chain Mail Armor
30:03 Onager
31:41 Plate Mail Armor
31:15 Town Watch
30:56 Elite Varangian Guard
31:22 Arson
Connection lost

Rejoining the realm…

Still unreachable

The connection could not be restored.

Session expired

The server has moved on; the page needs a fresh start.